 Dungeon Crawl Stone Soup version 0.31.0 (webtiles) character file.

Game seed: 8004275777800047721

39 Tragedy the Trooper (level 3, -5/49 HPs)
             Began as a Draconian Berserker on Jan 20, 2024.
             Was a Follower of Trog.
             Killed from afar by Ijyb (16 damage)
             ... with a bolt of acid
             ... on level 4 of the Dungeon.
             The game lasted 00:03:08 (602 turns).

Tragedy the Trooper (Draconian Berserker)            Turns: 602, Time: 00:03:09

Health: -5/49      AC:  1    Str: 21    XL:     3   Next: 26%
Magic:  3/3        EV: 12    Int:  7    God:    Trog [*.....]
Gold:   55         SH:  0    Dex: 10    Spells: 2/2 levels left

rFire   . . .        a - +0 hand axe
rCold   . . .        (no shield)
rNeg    . . .        (body armour unavailable)
rPois   .            (helmet restricted)
rElec   .            (no cloak)
rCorr   .            (no gloves)
SInv    .            (no boots)
Will    .....        (no amulet) Stlth
                     (no ring)
HPRegen 0.28/turn    (no ring)
MPRegen 0.08/turn

%: no passive effects
@: berserking (expiring), corroded, very quick
A: AC +5, unfitting armour, cold-blooded
a: Renounce Religion, Berserk


You were on level 4 of the Dungeon.
You worshipped Trog.
Trog was aware of your devotion.
You visited 1 branch of the dungeon, and saw 4 of its levels.

You collected 55 gold pieces.

Inventory:

Hand Weapons
 a - a +0 hand axe (weapon)
Scrolls
 b - a scroll of fear {unknown}
 c - 3 scrolls of teleportation
 d - a scroll of identify {unknown}
 g - a scroll of vulnerability {unknown}
 h - a scroll of revelation {unknown}
Potions
 e - a potion of curing {unknown}
 f - a potion of enlightenment {unknown}
 i - a potion of attraction {unknown}
 j - a potion of brilliance {unknown}
 k - a potion of degeneration {unknown}


   Skills:
 + Level 3.9 Fighting
 + Level 3.5 Axes
 + Level 3.1 Dodging


You had 2 spell levels left.
You didn't know any spells.
Your spell library was empty.

Dungeon Overview and Level Annotations

Branches:
Dungeon (4/15)
 Temple: D:4-7

Altars:

Annotations:
D:4 Ijyb


Innate Abilities, Weirdness & Mutations

Your plain brown scales are hard. (AC +5)
You cannot fit into any form of body armour.
You are cold-blooded and may be slowed by cold attacks.


Message History

Found a blade talisman.
Ijyb the Twisted Goblin comes into view.
She is wielding a +0 dagger and carrying a wand of acid.
Ijyb shouts!
The hobgoblin shouts!
Ijyb zaps a wand.
The bolt of acid hits you!!
Ouch! That really hurt!
There is an open door here.
The hobgoblin misses you.
The hobgoblin attacks as it pursues you!
The hobgoblin barely misses you.
The hobgoblin attacks as it pursues you!
The hobgoblin barely misses you.
You open the door.
The hobgoblin hits you but does no damage.
There is an open door here.
A red film seems to cover your vision as you go berserk!
You feel yourself moving faster!
You feel mighty!
The hobgoblin hits you but does no damage.
You hit the hobgoblin.
You kill the hobgoblin!
Trog accepts your kill.
You hit Ijyb.
Ijyb is moderately wounded.
Ijyb hits you with a +0 dagger.
You hit Ijyb but do no damage. You tail-slap Ijyb.
Ijyb is moderately wounded.
Ijyb completely misses you.
You slash Ijyb!
Ijyb is severely wounded.
You closely miss Ijyb.
Ijyb is severely wounded.
Ijyb zaps a wand.
The bolt of acid hits you!
* * * LOW HITPOINT WARNING * * *
The acid corrodes you!
You closely miss Ijyb.
Ijyb is severely wounded.
Ijyb closely misses you.
You miss Ijyb.
Ijyb is severely wounded.
Ijyb zaps a wand.
The bolt of acid hits you!
You die...

# #.# # #####.## # #..
... # #.# #.##### #
#.###.%.... ####
#.#.....# ###
...#####.#.....####.....
...'.....'.....g@.......
...#####.#.....####.####
...# #.#.....# ####
..#.....# g..#.....#
....####### ####.# #####
#.# .......
########+####
#......####


You could see Ijyb.

Vanquished Creatures
  2 adders
  A dart slug (D:4)
  An endoplasm (D:1)
  A giant cockroach (D:1)
  4 goblins
  4 hobgoblins (D:4)
  A kobold (D:4)
  3 ball pythons
  2 rats
19 creatures vanquished.

Notes
Turn   | Place    | Note
-------+----------+-------------------------------------------
     0 | D:1      | Tragedy the Draconian Berserker began the quest for the
                  | Orb.
     0 | D:1      | Reached XP level 1. HP: 19/19 MP: 1/1
   113 | D:1      | You fall into a shaft and drop 1 floor!
   134 | D:2      | Reached XP level 2. HP: 26/26 MP: 2/2
   359 | D:4      | Reached XP level 3. HP: 30/33 MP: 3/3
   586 | D:4      | Noticed Ijyb
   602 | D:4      | Killed from afar by Ijyb

Illustrated notes

Levels and vault maps discovered:
D:1:      moated_graveyard_arrival, layout_rooms
D:2:      layout_basic
D:3:      layout_loops_cross, shapermc_ecumenical_altar_acropolis
D:4:      layout_basic, portal_sewer_entry_d, uniq_ijyb

Skill      XL: |  1 |
---------------+----+-----
Dodging        | 3 |  3.1
Fighting       | |  3.9
Axes           | |  3.5

Action                     || total
---------------------------++-------
  Melee: Hand axe          ||    52
         Tailslap          ||     4
 Invoke: Berserk           ||     2
    Use: Scroll            ||     1
 Armour: Skin              ||    32
  Dodge: Dodged            ||    39
